 Dungeon Crawl Stone Soup version 0.31-a0-214-gb37851dbb3 (console) character file.

Game seed: 16509673831394451188

21826 jejorda2 the Spear-Bearer (level 12, 0/144 HPs)
             Began as a Yellow Draconian Berserker on July 1, 2023.
             Was a High Priest of Trog.
             Killed from afar by an electric eel (9 damage)
             ... with a bolt of electricity
             ... on level 1 of the Lair of Beasts.
             The game lasted 00:34:55 (13229 turns).

jejorda2 the Spear-Bearer (DrBe)                   Turns: 13229, Time: 00:34:56

Health: 0/144      AC: 11    Str: 23    XL:     12   Next: 57%
Magic:  12/12      EV: 12    Int:  7    God:    Trog [*****.]
Gold:   544        SH: 11    Dex: 17    Spells: 11/11 levels left

rFire   . . .        a - +2 trident (heavy)
rCold   . . .        D - +0 kite shield
rNeg    . . .        (body armour unavailable)
rPois   +            y - +0 hat {Stlth+}
rElec   .            (no cloak)
rCorr   +            m - +2 pair of gloves
SInv    .            (no boots)
Will    +++..        L - amulet of Veavey {Faith Dex+4} Stlth
                     g - ring of poison resistance
HPRegen 1.44/turn    r - ring of willpower
MPRegen 0.13/turn

%: faith
@: berserking, strong-willed, regenerating, very quick
A: spit acid, AC +8, unfitting armour, cold-blooded, acid resistance
a: Breathe Acid, Renounce Religion, Berserk, Trog's Hand, Brothers in Arms


You were on level 1 of the Lair of Beasts.
You worshipped Trog.
Trog was extremely pleased with you.
You visited 2 branches of the dungeon, and saw 13 of its levels.
You also visited: Bailey.

You collected 790 gold pieces.
You spent 246 gold pieces at shops.

Inventory:

Hand Weapons
 a - a +2 heavy trident (weapon)
 b - a +0 war axe
Missiles
 c - 92 stones
 p - 34 javelins
 t - 29 poisoned darts
 v - 6 boomerangs
 E - a throwing net
Armour
 m - a +2 pair of gloves (worn)
 y - a +0 hat of stealth (worn)
 D - a +0 kite shield (worn)
Jewellery
 g - a ring of poison resistance (left hand)
 j - a ring of protection from fire
 r - a ring of willpower (right hand)
 L - the amulet of Veavey (around neck) {Faith Dex+4}
   (You acquired it in a bailey)

   [amulet of faith]

   It allows you to gain divine favour quickly.
   Dex:       It affects your dexterity (+4).
Wands
 s - a wand of digging (7)
 u - a wand of flame (50)
 B - a wand of iceblast (6)
 C - a wand of paralysis (7)
Scrolls
 f - 10 scrolls of teleportation
 h - a scroll of enchant armour
 k - 3 scrolls of summoning
 o - a scroll of fear
 A - 4 scrolls of identify
 G - 2 scrolls of fog
 H - a scroll of blinking
Potions
 d - 3 potions of resistance
 e - 2 potions of might
 i - a potion of berserk rage
 l - a potion of ambrosia
 n - 4 potions of haste
 q - 3 potions of curing
 w - 2 potions of attraction
 x - a potion of mutation
 z - a potion of enlightenment
 F - a potion of invisibility


   Skills:
 - Level 6.0 Fighting
 + Level 13.7(16.1) Axes
 - Level 13.9(16.2) Polearms
 * Level 7.6 Throwing
 - Level 3.8 Dodging
 - Level 8.2 Shields


You had 11 spell levels left.
You didn't know any spells.
Your spell library was empty.

Dungeon Overview and Level Annotations

Branches:
Dungeon (12/15)            Temple (0/1) D:6            Lair (1/5) D:8
    Orc (0/2) D:9          Bailey (visited)

Altars:
Elyvilon
Fedhas
Nemelex Xobeh
Wu Jian
Yredelemnul
Zin
The Shining One

Shops:
D:1 :   D:2 :   D:9 !   D:10 ?


Innate Abilities, Weirdness & Mutations

You can spit globs of acid.
Your golden yellow scales are hard. (AC +8)
You cannot fit into any form of body armour.
You are cold-blooded and may be slowed by cold attacks.
You are resistant to acid. (rCorr)


Message History

The bolt of electricity hits the electric eel.
The electric eel completely resists.
The bolt of electricity hits you. The yak gores you but does no damage.
Your skin crawls.
You feel strong-willed.
The electric eel shoots out a bolt of lightning at you!
The bolt of electricity hits the electric eel.
The electric eel completely resists.
The bolt of electricity hits you. The yak barely misses you.
A red film seems to cover your vision as you go berserk!
You feel yourself moving faster!
You feel mighty!
The electric eel shoots out a bolt of lightning at you!
The bolt of electricity hits the electric eel.
The electric eel completely resists.
The bolt of electricity hits you.
* * * LOW HITPOINT WARNING * * *
The electric eel shoots out a bolt of lightning at you!
The bolt of electricity hits you!
* * * LOW HITPOINT WARNING * * *
The yak gores you.
* * * LOW HITPOINT WARNING * * *
You closely miss the yak.
The yak is moderately wounded.
You puncture the yak!
The yak is severely wounded.
The electric eel shoots out a bolt of lightning at you!
The bolt of electricity hits the electric eel.
The electric eel completely resists.
The bolt of electricity hits you!
* * * LOW HITPOINT WARNING * * *
The yak barely misses you.
You barely miss the yak. You tail-slap the yak!
The yak is almost dead.
The electric eel shoots out a bolt of lightning at you!
The bolt of electricity hits you.
* * * LOW HITPOINT WARNING * * *
The yak gores you!
* * * LOW HITPOINT WARNING * * *
The electric eel shoots out a bolt of lightning at you!
The bolt of electricity hits the electric eel.
The electric eel completely resists.
The bolt of electricity hits you!
You die...

.~~~~~P~~♣ ###
#.♣♣~P .~≈≈~~~♣~##
#.♣♣~. .~≈≈≈~~♣.~#
♣.♣♣~P .~≈≈~~~~.##
## ♣♣♣~~♣
.≈≈≈♣♣♣♣.#####.###
~~. ~~~
♣♣........... ~~
S~ ♣...[........
♣...Y........
♣~†..@.......
♣♣†S##♣~~~~..
~~S~~♣ P~~~~.
~~~~≈~~ ~~~~~
~~~S~~~~~ ~~~~P
.......... ....
~~~≈~~~~PS~ ~~~~
#~♣~~≈~♣♣♣♣~~


You could see a yak and 3 electric eels.

Vanquished Creatures
  A two-headed ogre (D:10)
  A skeletal warrior (D:10)
  A deep elf pyromancer (D:12)
  3 ugly things
  A black mamba (Lair:1)
  Psyche (D:11)
  An efreet (D:9)
  2 komodo dragons
  A hornet (D:9)
  7 trolls
  Grinder (D:3)
  2 wyverns
  3 wraiths
  38 yaks
  5 humans (D:9)
  2 steam dragons
  A warg (D:9)
  3 acid dragons (D:9)
  A water moccasin (Lair:1)
  2 black bears
  A sky beast (D:7)
  20 orc warriors
  2 ogres (D:5)
  12 wolves
  20 centaurs
  3 phantoms
  2 bullfrogs
  2 kobold brigands
  A gnoll sergeant (D:6)
  5 scorpions
  7 wights
  7 killer bees
  2 howler monkeys (D:8)
  4 electric eels (D:8)
  7 orc priests
  7 hounds
  2 jellies
  4 gnoll boudas
  2 sleepcaps
  Jessica (D:3)
  An iguana (D:6)
  Natasha (thrice) (D:3)
  8 orc wizards
  8 adders
  19 gnolls
  3 white imps
  2 dart slugs (D:1)
  43 orcs
  5 ball pythons
  5 endoplasms
  4 giant cockroaches
  6 goblins
  7 hobgoblins
  2 jackals (D:1)
  3 quokkas
  5 bats
  4 frilled lizards
  6 kobolds
  7 rats
  A spectral kobold (D:1)
330 creatures vanquished.

Vanquished Creatures (collateral kills)
  A yak (D:10)
  A vampire mosquito (D:10)
  A gnoll (D:7)
3 creatures vanquished.

Grand Total: 333 creatures vanquished

Notes
Turn   | Place    | Note
-------+----------+-------------------------------------------
     0 | D:1      | jejorda2 the Draconian Berserker began the quest for the
                  | Orb.
     0 | D:1      | Reached XP level 1. HP: 19/19 MP: 1/1
   172 | D:1      | Reached XP level 2. HP: 26/26 MP: 2/2
   287 | D:1      | Found a faded altar of an unknown god.
   443 | D:1      | Found Licouxti's Book Shoppe.
   749 | D:2      | Reached XP level 3. HP: 33/33 MP: 3/3
   875 | D:2      | Identified the amulet "Mitenas" {Reflect Dex+2 SH+5}
   972 | D:2      | Reached ** piety under Trog
  1063 | D:2      | Found a transporter.
  1063 | D:2      | Found Vetzoh's Book Shoppe.
  1489 | D:2      | Found a transporter.
  1774 | D:3      | Noticed Grinder
  1783 | D:3      | Killed Grinder
  1784 | D:3      | Reached skill level 5 in Fighting
  1784 | D:3      | Reached skill level 5 in Axes
  1784 | D:3      | Reached XP level 4. HP: 42/42 MP: 4/4
  1784 | D:3      | Reached XP level 5. HP: 48/48 MP: 5/5
  1915 | D:3      | Noticed Natasha
  1922 | D:3      | Killed Natasha
  1923 | D:3      | Reached XP level 6. HP: 41/56 MP: 6/6
  2203 | D:3      | Noticed Natasha
  2204 | D:3      | Killed Natasha
  2216 | D:3      | Noticed Natasha
  2221 | D:3      | Killed Natasha
  2231 | D:3      | Noticed Jessica
  2234 | D:3      | Killed Jessica
  2502 | D:4      | Reached *** piety under Trog
  2884 | D:5      | Entered Level 5 of the Dungeon
  3011 | D:5      | Your scales start taking on a golden yellow colour.
  3011 | D:5      | Reached XP level 7. HP: 62/62 MP: 7/7
  3011 | D:5      | Gained mutation: You are resistant to acid. (rCorr) [Yellow
                  | Draconian growth]
  3321 | D:5      | Reached XP level 8. HP: 70/70 MP: 8/8
  3493 | D:5      | Identified the +4 dagger "Liqiaro" {vamp, rElec Will-
                  | Stlth+}
  4311 | D:6      | Reached skill level 1 in Polearms
  4311 | D:6      | Reached skill level 1 in Shields
  4734 | D:6      | Reached XP level 9. HP: 49/75 MP: 9/9
  4874 | D:6      | Found a staircase to the Ecumenical Temple.
  5464 | D:7      | Reached skill level 5 in Polearms
  5778 | D:7      | Found a white marble altar of Elyvilon.
  6041 | D:7      | Reached skill level 10 in Axes
  6443 | D:8      | Reached **** piety under Trog
  6471 | D:8      | Found a staircase to the Lair.
  6586 | D:8      | Reached skill level 5 in Shields
  6597 | D:8      | Noticed a troll
  6601 | D:8      | Reached XP level 10. HP: 83/83 MP: 10/10
  6910 | D:8      | Reached skill level 10 in Polearms
  7638 | D:8      | Identified the +7 chain mail "Fucohut" {+Blink Dex+2}
  8213 | D:9      | Found an ornate altar of the Wu Jian Council.
  8319 | D:9      | Found a glowing silver altar of Zin.
  8342 | D:9      | Found a staircase to the Orcish Mines.
  8367 | D:9      | Paralysed by a hornet for 1 turns
  8952 | D:9      | Reached XP level 11. HP: 88/89 MP: 11/11
  9415 | D:9      | Found Valazuh's Distillery.
  9426 | D:9      | Bought a potion of degeneration for 15 gold pieces
  9426 | D:9      | Bought a potion of lignification for 45 gold pieces
  9451 | D:10     | Entered Level 10 of the Dungeon
  9451 | D:10     | Found Nuce Eng's Magic Scroll Boutique.
  9454 | D:10     | Bought a scroll of fog for 48 gold pieces
  9454 | D:10     | Bought a scroll of revelation for 90 gold pieces
  9454 | D:10     | Bought a scroll of identify for 24 gold pieces
  9454 | D:10     | Bought a scroll of identify for 24 gold pieces
  9483 | D:10     | Found a flagged portal.
  9493 | Bailey   | Entered a bailey
  9501 | Bailey   | Reached ***** piety under Trog
 10161 | Bailey   | Found the +27 heavy crossbow "Sniper" {heavy, Acc+∞ SInv}
 10172 | Bailey   | Reached skill level 1 in Throwing
 10621 | Bailey   | Acquired the amulet of Veavey {Faith Dex+4}
 10788 | D:10     | Noticed a two-headed ogre
 10799 | D:10     | Killed a two-headed ogre
 10954 | D:10     | Noticed a cyan ugly thing
 10955 | D:10     | Noticed a skeletal warrior
 10959 | D:10     | Found a runed translucent door.
 11036 | D:10     | Found a glowing golden altar of the Shining One.
 11036 | D:10     | Found a basalt altar of Yredelemnul.
 11040 | D:10     | Found a blossoming altar of Fedhas.
 11041 | D:10     | Found a sparkling altar of Nemelex Xobeh.
 11124 | D:10     | Noticed a purple ugly thing
 11134 | D:10     | Killed a purple ugly thing
 11669 | D:10     | Killed a cyan ugly thing
 11675 | D:10     | Killed a skeletal warrior
 11758 | D:11     | Noticed Psyche
 11764 | D:11     | Killed Psyche
 11765 | D:11     | Reached XP level 12. HP: 96/96 MP: 12/12
 11845 | D:11     | Reached skill level 5 in Throwing
 12255 | D:11     | Received a gift from Trog
 12458 | D:11     | Found an ornate altar of the Wu Jian Council.
 12756 | Lair:1   | Entered Level 1 of the Lair of Beasts
 13229 | Lair:1   | Killed from afar by an electric eel

Illustrated notes

Levels and vault maps discovered:
D:1:      dpeg_arrival_arbitrary_c, layout_loops_ring,
          dreamdust_ecumenical_altar_drowned_temple, serial_shops, shop,
          serial_bayou_ford_a
D:2:      layout_basic, serial_shops, nicolae_shop_drivethru,
          minmay_stone_trees_small, fountainhead
D:3:      layout_basic, uniq_grinder, uniq_natasha, uniq_jessica
D:4:      layout_cave_pools
D:5:      layout_basic, chequers_serial_rivers_large_a
D:6:      minmay_diamond_boxcup, layout_cave_pods, minmay_temple_entry_offerings
D:7:      layout_basic, nicolae_overflow_crystal_walls, corexii_leaking_fountain
D:8:      layout_loops_ring, erik_lair_island, hangedman_decor_clover_reticule
D:9:      layout_basic, mainiacjoe_overflow_big_doors, david_orc_1_choice,
          serial_shops, nicolae_lakefront_shop, minmay_ruffians
D:10:     layout_gridville, minitemple, enter_bailey_8, serial_shops,
          nicolae_stop_n_shop_1, minmay_st_funbox, kennysheep_generic_room_10
D:11:     layout_roguey, nicolae_wu_jian_glorious_leap, uniq_psyche
D:12:     layout_roguey
Lair:1:   layout_chaotic_city, serial_bayou, serial_bayou_crossing,
          serial_bayou_lagoon_b, serial_bayou_pond_e, serial_bayou_pond_d,
          lemuel_fruit_fields

Skill      XL: |  1  2  3  4  5  6  7  8  9 10 11 12 |
---------------+-------------------------------------+-----
Axes           | 5 6 8 9 10 11 12 13 | 13.7
Fighting       | 5 6 |  6.0
Dodging        | 3 |  3.8
Polearms       | 3 8 12 13 | 13.9
Shields        | 3 5 7 8 |  8.2
Throwing       | 4 7 |  7.6

Action                     |  1- 3 |  4- 6 |  7- 9 | 10-12 || total
---------------------------+-------+-------+-------+-------++-------
  Melee: Hand axe          |   113 |    28 |     3 |       ||   144
         Tailslap          |    12 |     7 |    27 |    51 ||    97
         Trident           |       |    58 |   222 |   575 ||   855
         Punch             |       |       |     1 |     1 ||     2
         War axe           |       |       |       |    32 ||    32
  Throw: Stone             |       |     4 |     2 |     1 ||     7
 Invoke: Berserk           |     2 |     1 |     8 |    10 ||    21
         Trog's Hand       |     1 |     1 |     1 |     4 ||     7
         Brothers in Arms  |       |       |       |     1 ||     1
Ability: Breathe Acid      |       |       |     6 |    12 ||    18
    Use: Scroll            |       |       |    14 |    10 ||    24
   Stab: Sleeping          |     1 |     4 |     1 |     6 ||    12
         Distracted        |       |       |     1 |       ||     1
 Armour: Skin              |    38 |    26 |    82 |   115 ||   261
  Dodge: Dodged            |    64 |    36 |   141 |   225 ||   466
  Block: Other             |     7 |    16 |    54 |    17 ||    94
         Reflection        |       |       |     2 |     3 ||     5
         Kite shield       |       |       |       |   320 ||   320

Table legend: (Time is in decaauts)
 A = Elapsed time spent in this place.
 B = Non-inter-level travel time spent in this place.
 C = Inter-level travel time spent in this place.
 D = Time resting spent in this place.
 E = Time spent auto-exploring this place.
 F = Levels seen in this place.
 G = Mean time per level.
                   A        B        C        D        E       F      G
               +--------+--------+--------+--------+--------+-----+--------+
         Total |  13566 |  13109 |    457 |   1046 |   9542 |  14 |  969.0 |
       Dungeon |  12017 |  11560 |    457 |    837 |   8805 |  12 | 1001.4 |
          Lair |    383 |    383 |      0 |      0 |    246 |   1 |  383.0 |
        Bailey |   1166 |   1166 |      0 |    209 |    491 |   1 | 1166.0 |
               +--------+--------+--------+--------+--------+-----+--------+

Top non-repeatable levels by time:
     D:9: 1666 daAuts
     D:6: 1585 daAuts
     D:8: 1309 daAuts
     D:5: 1224 daAuts
    D:10: 1174 daAuts
  Bailey: 1166 daAuts
     D:7: 1113 daAuts
     D:2: 973 daAuts
    D:11: 962 daAuts
     D:3: 801 daAuts
     D:1: 705 daAuts
     D:4: 479 daAuts
  Lair:1: 383 daAuts
    D:12: 21 daAuts
